 Dungeon Crawl Stone Soup version 0.22-a0-109-gbeb7240 (webtiles) character file.

128 Kavrick the Skirmisher (level 4, -5/35 HPs)
             Began as a Demonspawn Fighter on Jan 26, 2018.
             Killed by nerve-wracking pain
             ... invoked by an orc priest
              (11 damage)
             ... on level 3 of the Dungeon.
             The game lasted 00:04:06 (2264 turns).

Kavrick the Skirmisher (Demonspawn Fighter)         Turns: 2264, Time: 00:04:06

Health: -5/35      AC: 10    Str: 18    XL:     4   Next: 86%
Magic:  4/4        EV:  5    Int:  9    God:
Gold:   116        SH:  9    Dex: 12    Spells: 3/3 levels left

rFire    + . .     SeeInvis .   a - +0 long sword
rCold    . . .     Gourm    .   c - +0 shield
rNeg     . . .     Faith    .   m - +0 chain mail
rPois    .         Spirit   .   t - +0 helmet
rElec    .         Reflect  .   (no cloak)
rCorr    .         Harm     .   (no gloves)
MR       .....                  (no boots)
Stlth    ..........             (no amulet)
HPRegen  0.11/turn              (no ring)
MPRegen  0.09/turn              (no ring)

@: no status effects
A: hooves 1, fire resistance 1
a: no special abilities


You were on level 3 of the Dungeon.
You were hungry.

You visited 1 branch of the dungeon, and saw 3 of its levels.

You collected 116 gold pieces.

Inventory:

Hand Weapons
 a - a +0 long sword (weapon)
Armour
 c - a +0 shield (worn)
 m - a +0 chain mail (worn)
 t - a +0 helmet (worn)
Jewellery
 e - a cursed -2 ring of intelligence {unknown}
 l - an uncursed ring of protection from magic {unknown}
Scrolls
 i - a scroll of teleportation
 k - a scroll of blinking {unknown}
 n - a scroll of immolation {unknown}
 o - 2 scrolls of identify {unknown}
 p - a scroll of enchant weapon {unknown}
 q - a scroll of remove curse {unknown}
 r - a scroll of fear {unknown}
Potions
 d - a potion of might
 j - 2 potions of degeneration {unknown}
 s - a potion of flight {unknown}
Comestibles
 b - 2 chunks of flesh
 f - 5 rations


   Skills:
 + Level 3.5 Fighting
 * Level 3.1 Long Blades
 + Level 3.1 Armour
 + Level 1.4 Dodging
 + Level 3.2 Shields


You had 3 spell levels left.
You didn't know any spells.

Dungeon Overview and Level Annotations

Branches:
Dungeon (3/15)

Altars:


Innate Abilities, Weirdness & Mutations

You have large cloven feet.
Your flesh is heat resistant. (rF+)


Message History

Beogh smites you!
You hit the orc priest but do no damage.
The orc priest barely misses you.
The orc priest hits you but does no damage.
Your shield and chain mail prevent you from hitting the orc priest.
The orc priest calls down the wrath of Beogh upon you.
Beogh smites you!
* * * LOW HITPOINT WARNING * * *
You closely miss the orc priest.
You kick the orc priest, but do no damage.
The orc priest hits you with a trident.
* * * LOW HITPOINT WARNING * * *
You closely miss the orc priest.
You kick the orc priest, but do no damage.
The orc priest hits you but does no damage.
You closely miss the orc priest. You kick the orc priest.
The orc priest is moderately wounded.
The orc priest mumbles some strange prayers to Beogh against you.
Pain shoots through your body!
You die...

#######
#######.....####.
........[.o......
.......<.@.......
.......$.†......#
....)...........#
..........##....#
..........# .....
..........# ....
.........## ...
........## ..#


You could see an orc priest.

Vanquished Creatures
  Jessica (D:2)
  Robin (D:1)
  3 adders (D:2)
  A dart slug (D:2)
  2 orcs
  4 giant cockroaches (D:1)
  12 goblins
  5 hobgoblins
  6 jackals
  2 ball pythons
  6 bats
  4 frilled lizards
  6 kobolds
  3 rats (D:2)
56 creatures vanquished.

Notes
Turn   | Place    | Note
-------+----------+-------------------------------------------
     0 | D:1      | Kavrick the Demonspawn Fighter began the quest for the Orb.
     0 | D:1      | Reached XP level 1. HP: 18/18 MP: 1/1
   150 | D:1      | Gained mutation: Your flesh is heat resistant. (rF+) [demonic ancestry]
   150 | D:1      | Reached XP level 2. HP: 24/24 MP: 2/2
   862 | D:2      | Noticed Robin
   943 | D:1      | Reached XP level 3. HP: 12/29 MP: 3/3
  1137 | D:1      | Killed Robin
  1360 | D:2      | Reached skill level 1 in Dodging
  1445 | D:2      | Noticed Jessica
  1449 | D:2      | Killed Jessica
  1449 | D:2      | Gained mutation: You have large cloven feet. [demonic ancestry]
  1449 | D:2      | Reached XP level 4. HP: 33/35 MP: 4/4
  2264 | D:3      | Killed from afar by an orc priest

Vault maps used:
D:1:      dpeg_arrival_chase, serial_forest, infiniplex_forest_straight_2,
          infiniplex_forest_clump_long, infiniplex_forest_lined_3,
          infiniplex_forest_clump_small, infiniplex_forest_straight_2,
          infiniplex_forest_lined_2, infiniplex_forest_end_2,
          infiniplex_forest_clump_small, infiniplex_forest_straight_2,
          infiniplex_forest_clump_small
D:2:      first_ration, uniq_jessica, uniq_robin
D:3:      zin_scriptorium, wad_orctagon

Skill      XL: |  1  2  3  4 |
---------------+-------------+-----
Long Blades    | 2 3 |  3.1
Shields        | 3 |  3.2
Dodging        | 1 |  1.4
Armour         | 3 |  3.1
Fighting       | |  3.5

Action                   |  1- 3 |  4- 6 || total
-------------------------+-------+-------++-------
Melee: Long sword        |    96 |    60 ||   156
       Kick              |       |    15 ||    15
  Use: Scroll            |       |     2 ||     2
  Eat: Chunk             |     2 |     2 ||     4
Armor: Scale mail        |    27 |       ||    27
       Chain mail        |    33 |    51 ||    84
Dodge: Dodged            |    28 |    24 ||    52
Block: Shield            |    71 |    38 ||   109
       Rpst.: Long sword |    10 |    10 ||    20

Table legend:
 A = Spawn XP
 B = Non-spawn XP
 C = Spawn XP percentage of total XP
 D = Spawn monster count
 E = Non-spawn monster count
 F = Spawn count percentage of total count
 G = Total turns spent on level
                    A         B        C        D         E        F      G
               +---------+---------+-------+---------+---------+-------+---------
         Total |       0 |     183 |   0.0 |       0 |      56 |   0.0 |  2264
               +---------+---------+-------+---------+---------+-------+---------
           D:1 |       0 |      65 |   0.0 |       0 |      28 |   0.0 |  1303
           D:2 |       0 |     113 |   0.0 |       0 |      26 |   0.0 |   943
           D:3 |       0 |       5 |   0.0 |       0 |       2 |   0.0 |    18
               +---------+---------+-------+---------+---------+-------+---------
